 Dungeon Crawl Stone Soup version 0.14-a0-1313-gb2df4ef (webtiles) character file.

123 M4edhros the Stinger (level 3, -2/21 HPs)
             Began as an Octopode Venom Mage on Dec 5, 2013.
             Slain by an adder (4 damage)
             ... on Level 3 of the Dungeon.
             The game lasted 00:02:26 (1568 turns).

M4edhros the Stinger (Octopode Venom Mage)          Turns: 1568, Time: 00:02:26

HP  -2/21        AC  1     Str  6 (7)  XL: 3   Next: 37%
MP   2/6         EV 12     Int 18      God:
Gold 87          SH  0     Dex 12      Spells:  3 memorised,  0 levels left

rFire  . . .     SeeInvis .     l - +3,+2 elf whip (venom)
rCold  . . .     Clarity  +     (no shield)
rNeg   . . .     Conserve .     (helmet restricted)
rPois  .         rCorr    .     (no amulet)
rElec  .         rRot     .     (no ring)
SustAb . .       Spirit   .     i - ring of protection from magic {unknown}
rMut   .         Warding  .     (no ring)
Saprov . . .     Stasis   .     (no ring)
                                (no ring)
                                (no ring)
                                (no ring)
                                (no ring)

@: very slightly contaminated, somewhat resistant to hostile enchantments, quite
stealthy
A: almost no armour, amphibious, 8 rings, constrict 8, spike 1, camouflage 1,
berserk 1, clarity, deterioration 1, gelatinous body 1
a: no special abilities


You were on level 3 of the Dungeon.
You were not hungry.

You visited 1 branch of the dungeon, and saw 3 of its levels.

You collected 87 gold pieces.

Inventory:

Hand weapons
 k - a +0,+0 mace
 l - a +3,+2 elven whip of venom (weapon)
Comestibles
 a - a snozzcumber
 c - a bread ration
 f - a pear
 g - a cheese
Scrolls
 d - a scroll of remove curse
 o - 2 scrolls of teleportation
Jewellery
 i - a ring of protection from magic (right tentacle) {unknown}
 m - an uncursed ring of teleportation
 p - an uncursed amulet of stasis {unknown}
Books
 b - a Young Poisoner's Handbook

   Spells                             Type                      Level
   *Sting                             Conjuration/Poison           1
   *Cure Poison                       Poison                       2
   *Mephitic Cloud                    Conjuration/Poison/Air       3
   Olgreb's Toxic Radiance            Poison                       4
   Venom Bolt                         Conjuration/Poison           5


   Skills:
 - Level 2.0 Dodging
 - Level 2.6 Stealth
 + Level 2.4 Spellcasting
 + Level 1.3 Conjurations
 + Level 5.4 Poison Magic


You couldn't memorise any spells.
You knew the following spells:

 Your Spells              Type           Power        Failure   Level  Hunger
a - Sting                 Conj/Pois      ##..         6%          1    #......
b - Cure Poison           Pois           ###.......   2%          2    ##.....
c - Mephitic Cloud        Conj/Pois/Air  ##......     24%         3    ###....


Dungeon Overview and Level Annotations

Branches:
Dungeon (3/16)

Altars:


Innate Abilities, Weirdness & Mutations

You cannot wear most types of armour.
You are amphibious.
You can wear up to eight rings at the same time.
You can use your tentacles to constrict many enemies at once.
Your skin changes colour to match your surroundings (Stlth).
Your rubbery body absorbs attacks (AC +1).
One of your tentacles bears a spike.
You tend to lose your temper in combat.
You possess an exceptional clarity of mind.
Your body is slowly deteriorating.


Message History

Casting: Sting
Confirm with . or Enter, or press ? or * to list all spells.
Aiming: Sting
Press: ? - help, Shift-Dir - straight line, f/p - adder
Aim: an adder The sting hits the adder.
The adder is lightly wounded.
The adder bites you.
* * * LOW HITPOINT WARNING * * *
Casting: Sting
Confirm with . or Enter, or press ? or * to list all spells.
Okay, then.
Drink which item? (? for menu, Esc to quit)
One of your lower tentacles grows a sharp spike.
You feel fantastic!
It was a potion of beneficial mutation.
The adder completely misses you. The adder bites you.
* * * LOW HITPOINT WARNING * * *
You miss the adder. You grab the adder. Your squeeze misses the adder.
You constrict the adder. The adder bites you.
You die...

########.#######.#.###.###.#...#
.............................#.
............#####.##....#.####.#
####........# #.##....#.# #
#........# #.##)...#.#
#........# #.#######.#
#........# #.# ####.# ##
##############.#.?...... ..
.......%@S......... ##
#########.#........ #.#........
#.# ##### ## ### #.# ... ... ...
## #.# #.# ##.######...
#.........#


You could see an adder.

Vanquished Creatures
  2 adders (D:3)
  2 giant cockroaches (D:1)
  3 goblins (D:1)
  2 hobgoblins (D:1)
  4 bats
  2 giant geckos
  2 giant newts
  2 kobolds (D:1)
19 creatures vanquished.

Notes
Turn   | Place    | Note
--------------------------------------------------------------
     0 | D:1      | M4edhros, the Octopode Venom Mage, began the quest for the Orb.
     0 | D:1      | Reached XP level 1. HP: 11/11 MP: 3/3
   525 | D:1      | Reached skill level 5 in Poison Magic
   525 | D:1      | Reached XP level 2. HP: 13/17 MP: 4/4
   574 | D:1      | Learned a level 2 spell: Cure Poison
   782 | D:1      | Reached skill level 1 in Conjurations
  1174 | D:3      | Gained mutation: You tend to lose your temper in combat. [potion of mutation]
  1174 | D:3      | Gained mutation: You possess an exceptional clarity of mind. [potion of mutation]
  1174 | D:3      | Gained mutation: Your body is slowly deteriorating. [potion of mutation]
  1277 | D:3      | Reached XP level 3. HP: 16/21 MP: 2/6
  1285 | D:3      | Learned a level 3 spell: Mephitic Cloud
  1567 | D:3      | Gained mutation: One of your tentacles bears a spike. [potion of beneficial mutation]
  1568 | D:3      | Slain by an adder

Action                   || total
-------------------------++-------
Melee: Mace              ||    16
       Unarmed           ||     3
       Whip              ||    23
 Cast: Sting             ||     3
       Cure Poison       ||     3
  Use: Scroll            ||     8
       Potion            ||     6
 Stab: Sleeping          ||     4
